Map: Vallée des cactus EC

Players

AgCl - Winner!

  • Race: Protoss Protoss

Bashlol

  • Race: Zerg Zerg

VOD

Have the link to the VOD?

Description

Time

  • Played on: May 15, 2015, 7:43 p.m.
  • Length: 11:49
Show
View Real Time Build Order
Export as new Build Order

AgCl Protoss - Winner!

Build Orders:  

Get SALT Encoding   

  12  0:17  Pylon  
  12  0:26  Assimilator  
  12  0:37  Gateway  
  12  0:38  Probe  
  13  0:50  Probe  
  14  1:02  Probe  
  15  1:14  Probe  
  16  1:26  Probe  
  16  1:28  Cybernetics Core  
  17  1:38  Probe (Chrono Boost), Assimilator  
  18  1:51  Probe (Chrono Boost)  
  19  1:59  Probe (Chrono Boost)  
  20  2:04  Adept (Chrono Boost)  
  20  2:06  Warp Gate (Chrono Boost)  
  22  2:15  Gateway  
  22  2:19  Gateway  
  22  2:33  Pylon  
  22  2:51  Probe (Chrono Boost), Adept, Pylon  
  25  3:01  Probe (Chrono Boost)  
  26  3:08  Probe (Chrono Boost)  
  27  3:16  Gateway  
  27  3:19  Probe (Chrono Boost)  
  28  3:26  Probe (Chrono Boost)  
  29  3:35  Stargate  
  29  3:37  Probe  
  30  3:53  Mothership Core, Pylon  
  32  4:11  Adept x3  
  38  4:24  Adept  
  38  4:28  Oracle (Chrono Boost)  
  43  4:34  Adept  
  30  5:09  Nexus  
  30  5:21  Nexus  
  30  5:23  Probe  
  31  5:56  Void Ray (Chrono Boost)  
  35  6:01  Pylon  
  35  6:02  Probe  
  35  6:04  Fleet Beacon  
  37  6:19  Probe (Chrono Boost)  
  37  6:20  Forge  
  37  6:21  Probe (Chrono Boost)  
  38  6:31  Probe x2 (Chrono Boost)  
  40  6:34  Carrier (Chrono Boost)  
  41  6:42  Probe (Chrono Boost)  
  41  6:45  Probe (Chrono Boost)  
  40  6:49  Probe (Chrono Boost)  
  42  6:56  Probe (Chrono Boost)  
  42  6:58  Probe (Chrono Boost)  
  42  7:00  Probe (Chrono Boost)  
  49  7:05  Probe (Chrono Boost)  
  49  7:07  Assimilator  
  52  7:09  Probe (Chrono Boost)  
  52  7:10  Probe (Chrono Boost)  
  52  7:13  Probe (Chrono Boost)  
  54  7:17  Probe (Chrono Boost)  
  54  7:21  Pylon  
  54  7:22  Probe (Chrono Boost)  
  56  7:23  Assimilator  
  56  7:25  Probe (Chrono Boost)  
  56  7:27  Probe (Chrono Boost)  
  58  7:32  Probe x2 (Chrono Boost)  
  58  7:33  Carrier (Chrono Boost)  
  58  7:34  Probe (Chrono Boost), Assimilator  
  60  7:42  Probe (Chrono Boost), Adept  
  64  7:44  Probe (Chrono Boost)  
  64  7:48  Probe (Chrono Boost)  
  66  7:53  Probe (Chrono Boost)  
  66  7:57  Graviton Catapult  
  66  7:58  Probe (Chrono Boost)  
  73  7:59  Protoss Ground Weapons Level 1 (Chrono Boost)  
  73  8:02  Protoss Air Weapons Level 1 (Chrono Boost)  
  73  8:04  Probe (Chrono Boost)  
  74  8:11  Pylon  
  74  8:12  Probe (Chrono Boost)  
  76  8:14  Pylon  
  76  8:15  Probe (Chrono Boost)  
  76  8:18  Probe (Chrono Boost)  
  75  8:23  Probe (Chrono Boost)  
  76  8:28  Assimilator  
  76  8:29  Probe x2  
  76  8:30  Carrier (Chrono Boost)  
  76  8:32  Probe, Pylon  
  79  8:44  Twilight Council  
  79  8:47  Pylon  
  85  8:51  Probe  
  85  8:52  Probe  
  85  8:54  Probe  
  88  9:04  Probe  
  89  9:10  Stargate  
  89  9:13  Pylon, Robotics Facility  
  89  9:14  Probe  
  90  9:23  Templar Archives  
  90  9:25  Dark Shrine  
  90  9:33  Photon Cannon, Carrier (Chrono Boost)  
  90  9:34  Photon Cannon  
  90  9:36  Pylon  
  90  9:40  Gateway  
  90  9:41  Protoss Air Weapons Level 2 (Chrono Boost), Probe  
  91  9:47  Charge (Chrono Boost)  
  91  9:48  Pylon  
  97  9:55  Probe  
  98  10:00  Photon Cannon  
  98  10:01  Psionic Storm  
  98  10:02  Carrier (Chrono Boost)  
  98  10:13  High Templar x2  
  108  10:31  Probe  
  108  10:33  Probe  
  108  10:35  Probe  
  111  10:41  Pylon  
  111  10:42  Gateway  
  111  10:43  Pylon  
  111  10:55  Nexus  
  110  11:00  Pylon  
  110  11:01  Dark Templar  
  110  11:02  Dark Templar x2  
  110  11:03  Dark Templar  
  118  11:16  Dark Templar  
  120  11:34  Gateway  
  120  11:35  Gateway  
  120  11:38  Gateway  
  120  11:40  Zealot x3  
  120  11:41  Zealot  
Show
View Real Time Build Order
Export as new Build Order

Bashlol Zerg 

Build Orders: Hatch First 

Get SALT Encoding   

  12  0:06  Drone  
  13  0:13  Drone  
  14  0:17  Overlord  
  14  0:35  Drone  
  14  0:36  Drone  
  14  0:39  Drone  
  17  0:57  Drone  
  17  1:01  Hatchery  
  17  1:10  Spawning Pool  
  16  1:15  Drone, Extractor  
  16  1:19  Drone  
  16  1:23  Drone  
  18  1:32  Drone  
  19  1:43  Overlord  
  19  1:59  Queen, Zergling x2  
  22  2:14  Drone x2  
  24  2:17  Drone  
  24  2:19  Queen  
  27  2:23  Drone  
  27  2:27  Metabolic Boost  
  27  2:29  Drone  
  29  2:36  Drone  
  30  2:38  Queen  
  30  2:40  Overlord  
  32  2:45  Drone  
  32  2:49  Drone  
  34  2:55  Drone  
  35  3:03  Zergling x2  
  36  3:08  Drone x3  
  36  3:11  Drone x3  
  42  3:22  Lair  
  42  3:28  Roach Warren  
  42  3:33  Drone x3, Overlord x2  
  42  3:34  Overlord  
  44  3:40  Extractor  
  43  3:42  Extractor  
  43  3:44  Extractor  
  42  3:48  Drone  
  42  3:49  Drone x2  
  42  3:52  Drone  
  42  3:53  Drone x4  
  49  4:15  Roach x7  
  58  4:41  Roach  
  58  4:42  Roach x4  
  66  5:00  Queen  
  68  5:09  Overlord x4  
  68  5:17  Glial Reconstitution  
  68  5:20  Hydralisk Den  
  64  5:35  Queen  
  65  5:46  Drone  
  65  5:47  Drone x9  
  65  5:48  Drone x4  
  73  6:05  Drone x2, Queen  
  77  6:11  Queen  
  77  6:13  Drone x3  
  82  6:20  Hydralisk x4, Muscular Augments  
  90  6:33  Hydralisk  
  86  6:45  Ravager  
  85  6:53  Drone x8  
  93  7:21  Roach x3  
  98  7:42  Overlord x3  
  98  7:51  Hatchery  
  98  7:57  Overlord x2  
  97  8:04  Evolution Chamber x2, Drone x3  
  98  8:10  Hatchery  
  97  8:15  Roach  
  97  8:16  Roach x6  
  111  8:33  Zerg Missile Weapons Level 1, Zerg Ground Armor Level 1  
  111  8:34  Roach x7  
  113  8:41  Infestation Pit  
  124  8:53  Roach x6  
  136  9:00  Drone  
  137  9:05  Roach x4  
  137  9:06  Overlord x2  
  145  9:17  Overlord x3  
  145  9:26  Ravager x6  
  145  9:27  Ravager x4  
  145  9:28  Ravager x2  
  157  9:33  Queen  
  159  9:40  Drone x7  
  159  9:41  Drone x8  
  174  9:45  Overseer  
  174  9:46  Overseer  
  174  10:11  Roach x4  
  174  10:12  Roach x5  
  192  10:26  Overlord x2  
  192  10:27  Overlord x5  
  192  10:48  Extractor x2  
  188  10:50  Queen  
  188  10:55  Hydralisk x9  
  176  11:17  Hydralisk  
  176  11:18  Hydralisk x11  
  176  11:32  Overseer  
Tags
 
Add a new tag
Caveats
  • Supply blocks, unpowered buildings, or Contaminate may cause inaccurate times.
  • Supply counts are checked every 10 seconds.